 Dungeon Crawl Stone Soup version 0.20.0 (webtiles) character file.

10063 FakerFangirl the Basher (level 11, -4/97 HPs)
             Began as a Pale Draconian Fighter on May 25, 2017.
             Was an Elder of Cheibriados.
             Slain by Erica
             ... wielding a +1 scimitar of flaming
              (11 damage)
             ... on level 10 of the Dungeon.
             The game lasted 00:11:49 (10402 turns).

FakerFangirl the Basher (Pale Draconian Fighter)   Turns: 10402, Time: 00:11:50

Health: -4/97      AC:  9    Str: 33    XL:     11   Next: 31%
Magic:  11/11      EV: 17    Int: 26    God:    Cheibriados [****..]
Gold:   365        SH: 14    Dex: 24    Spells: 10/10 levels left

rFire    . . .     SeeInvis .   g - +10 flail "Arcanum" {pain, MR+ Int+8}
rCold    . . .     Gourm    .   b - +0 shield
rNeg     . . .     Faith    .   (armour unavailable)
rPois    .         Spirit   .   (helmet restricted)
rElec    .         Reflect  .   o - +0 cloak
rCorr    .         Harm     .   (no gloves)
MR       +....                  j - +0 pair of boots
Stlth    ++........             (no amulet)
Regen    0.3/turn               r - +4 ring of strength
MPRegen  0.2/turn               (no ring)

@: lethally poisoned (-4 -> -10), about to teleport, very slow
A: breathe steam, unfitting armour, cold-blooded, AC +7
a: Breathe Steam, Bend Time, Temporal Distortion, Slouch, Renounce Religion


You were on level 10 of the Dungeon.
You worshipped Cheibriados.
Cheibriados was greatly pleased with you.
You were not hungry.

You visited 2 branches of the dungeon, and saw 11 of its levels.

You collected 602 gold pieces.
You spent 237 gold pieces at shops.


Innate Abilities, Weirdness & Mutations

You can breathe blasts of scalding, opaque steam.
Your pale cyan-grey scales are hard. (AC +7)
You cannot fit into any form of body armour.
You are cold-blooded and may be slowed by cold attacks.


   Skills:
 - Level 9.1 Fighting
 + Level 12.2 Maces & Flails
 - Level 7.0 Dodging
 - Level 8.3 Shields


You had 10 spell levels left.
You didn't know any spells.

Inventory:

Hand Weapons
 g - the +10 flail "Arcanum" (weapon) {pain, MR+ Int+8}
   (You found it on level 4 of the Dungeon)

   In the hands of one skilled in necromantic magic, it inflicts extra damage on
   living creatures.
   It affects your intelligence (+8).
   It affects your resistance to hostile enchantments.
Missiles
 s - 4 javelins (quivered)
Armour
 b - a +0 shield (worn)
 j - a +0 pair of boots (worn)
 o - a +0 cloak (worn)
 v - a +1 pair of gloves
Jewellery
 k - an uncursed ring of wizardry {unknown}
 r - a +4 ring of strength (left hand)
Wands
 q - a wand of digging (7/24)
Scrolls
 d - 6 scrolls of identify
 f - a scroll of enchant weapon
 l - 8 scrolls of remove curse
 p - 2 scrolls of teleportation
 t - a scroll of recharging {unknown}
Potions
 a - 2 potions of mutation
 c - a potion of might
 i - 2 potions of curing
 m - 3 potions of haste
 w - a potion of flight {unknown}
Comestibles
 e - 7 bread rations
 h - 11 meat rations
 n - a royal jelly
 u - 11 chunks of flesh

Dungeon Overview and Level Annotations

Branches:
Dungeon (10/15)            Temple (1/1) D:7             Orc (0/2) D:9
   Lair: D:8-11

Altars:
Ashenzari
Cheibriados
Dithmenos
Elyvilon
Fedhas
Gozag
Hepliaklqana
Kikubaaqudgha
Makhleb
Nemelex Xobeh
Okawaru
Qazlal
Ru
Sif Muna
Trog
Uskayaw
Vehumet
Xom
Yredelemnul
Zin
The Shining One

Shops:
D:4 [   D:8 *

Annotations:
D:10 Erica


Message History

You hear some strange, mumbled words.
A bolt of poison appears from out of thin air!
The bolt of poison hits you!
You are more poisoned.
A centaur skeleton comes into view.
10399 ||| DRINKING potion of heal wounds.
You feel much better.
You feel sick. Something hits you. Something burns you.
You feel sick. The centaur skeleton hits you! The centaur skeleton hits you.
Something hits you! Something burns you.
10401 ||| READING 3 scrolls of teleportation.
As you read the scroll of teleportation, it crumbles to dust.
You feel strangely unstable.
You block the centaur skeleton's attack.
You sock the centaur skeleton! You tail-slap the centaur skeleton!
The centaur skeleton is severely damaged.
You feel sick.
You block the centaur skeleton's attack.
Something hits you!
You die...

### ##### #.. ...#
#.#####.#### #
#.##.......###
####.##....##>.....#
#.....Z.#####.##.#.#
#.##.##@#####.##.#.#
.. #.......##...# .
#######.####.#
#......#
#############.#
#.....# #.# #.....#
#.# #.....# #.#
#.....# #.#


You could see a centaur skeleton.

Vanquished Creatures
  3 two-headed ogres
  The ghost of FakerFangirl the Basher, a novice DrFi (D:9)
  Pikel (D:7)
  The ghost of FakerFangirl the Basher, a novice DrFi (D:5)
  A troll (D:9)
  4 hippogriffs
  Grum (D:10)
  A hungry ghost (D:9)
  Menkaure (D:6)
  2 water moccasins
  2 orc warriors
  3 phantoms
  An ice beast (D:6)
  4 ogres
  5 sky beasts
  An eye of draining (D:10)
  A necrophage (D:9)
  6 centaurs
  4 wolves (D:10)
  A big kobold (D:10)
  2 bullfrogs
  A wyvern zombie (D:8)
  6 scorpions
  2 troll zombies (D:9)
  6 killer bees
  12 wights
  3 howler monkeys
  A crimson imp (D:8)
  A centaur zombie (D:7)
  A quasit (D:7)
  3 bullfrog zombies
  3 hounds
  4 jellies
  3 orc priests
  A centaur skeleton (D:4)
  10 worker ants
  3 iguanas
  8 orc wizards
  3 killer bee zombies
  6 ogre zombies (D:9)
  A hound skeleton (D:4)
  A worker ant zombie (D:7)
  3 gnolls (D:5)
  3 howler monkey skeletons
  11 adders
  A shadow imp (D:6)
  12 oozes
  2 adder skeletons
  3 worms (D:2)
  4 dart slugs
  11 leopard geckos
  19 orcs
  A ball python (D:1)
  9 bats
  12 giant cockroaches
  5 goblins
  2 hobgoblins
  12 jackals
  29 kobolds
  2 quokkas
  3 frilled lizards
  2 goblin skeletons (D:9)
  6 goblin zombies (D:9)
  A hobgoblin skeleton (D:9)
  3 hobgoblin zombies (D:9)
  A jackal zombie (D:8)
  2 orc skeletons (D:9)
  11 orc zombies (D:9)
  A quokka skeleton (D:5)
  4 rats
300 creatures vanquished.

Vanquished Creatures (others)
  A quasit (D:7)
  13 toadstools
14 creatures vanquished.

Grand Total: 314 creatures vanquished

Notes
Turn   | Place    | Note
-------+----------+-------------------------------------------
     0 | D:1      | FakerFangirl the Draconian Fighter began the quest for the Orb.
     0 | D:1      | Reached XP level 1. HP: 19/19 MP: 1/1
     0 | D:1      | 0 ||| counter = 17
   109 | D:1      | Reached XP level 2. HP: 24/26 MP: 2/2
   175 | D:1      | Reached skill level 3 in Maces & Flails
   193 | D:1      | 193 ||| Stepping ~*~*~tactically~*~*~ (outnumbered).
   194 | D:1      | 194 ||| Stepping ~*~*~tactically~*~*~ (outnumbered).
   195 | D:1      | 195 ||| Stepping ~*~*~tactically~*~*~ (outnumbered).
   198 | D:1      | 198 ||| Stepping ~*~*~tactically~*~*~ (outnumbered).
   581 | D:1      | Reached XP level 3. HP: 27/31 MP: 3/3
   967 | D:1      | Reached skill level 4 in Maces & Flails
  1060 | D:1      | 1060 ||| READING scroll labeled RIHO GEMIAVVY.
  1061 | D:1      | 1061 ||| READING scroll labeled AMPUWAUKURR.
  1062 | D:1      | 1062 ||| READING scroll labeled FUFRERI EGACU.
  1063 | D:1      | 1063 ||| READING scroll labeled MAFIFFOMIU.
  1123 | D:2      | 1123 ||| Stepping ~*~*~tactically~*~*~ (outnumbered).
  1125 | D:2      | 1125 ||| Stepping ~*~*~tactically~*~*~ (outnumbered).
  1126 | D:2      | 1126 ||| Stepping ~*~*~tactically~*~*~ (outnumbered).
  1128 | D:2      | 1128 ||| Stepping ~*~*~tactically~*~*~ (outnumbered).
  1129 | D:2      | 1129 ||| Stepping ~*~*~tactically~*~*~ (outnumbered).
  1227 | D:2      | Noticed a hand axe
  1232 | D:2      | Noticed a hand axe
  1234 | D:2      | Found a hide-covered altar of Uskayaw.
  1485 | D:2      | Reached XP level 4. HP: 38/38 MP: 4/4
  1977 | D:3      | 1977 ||| STAIRDANCE
  2131 | D:3      | Noticed a water moccasin
  2139 | D:3      | Killed a water moccasin
  2139 | D:3      | Reached skill level 5 in Maces & Flails
  2139 | D:3      | Reached XP level 5. HP: 32/45 MP: 5/5
  2348 | D:3      | Reached skill level 6 in Maces & Flails
  2737 | D:3      | Found a shattered altar of Ashenzari.
  2737 | D:3      | Found a bloodstained altar of Trog.
  2967 | D:3      | 2967 ||| READING scroll labeled NIDATYUSTU.
  2968 | D:3      | 2968 ||| READING scroll labeled FAARAR WENA.
  2986 | D:3      | 2986 ||| READING 4 scrolls of identify.
  2986 | D:3      | 2986 ||| IDENTIFYING smoky white potion
  2987 | D:3      | 2987 ||| READING 3 scrolls of identify.
  2987 | D:3      | 2987 ||| IDENTIFYING bubbling green potion
  2988 | D:3      | 2988 ||| READING 2 scrolls of identify.
  2988 | D:3      | 2988 ||| IDENTIFYING blue potion
  2989 | D:3      | 2989 ||| DROPPING potion of berserk rage.
  2990 | D:3      | 2990 ||| DROPPING potion of lignification.
  3071 | D:4      | Found a radiant altar of Vehumet.
  3094 | D:4      | Reached XP level 6. HP: 48/52 MP: 6/6
  3116 | D:4      | 3116 ||| Stepping ~*~*~tactically~*~*~ (outnumbered).
  3117 | D:4      | 3117 ||| Stepping ~*~*~tactically~*~*~ (outnumbered).
  3118 | D:4      | 3118 ||| Stepping ~*~*~tactically~*~*~ (outnumbered).
  3584 | D:4      | Got a transparent flail
  3585 | D:4      | 3585 ||| SWAPPING to transparent flail.
  3585 | D:4      | Identified the +10 flail "Arcanum" {pain, MR+ Int+8} (You found it on level 4 of the Dungeon)
  3586 | D:4      | 3586 ||| DROPPING +1 flail.
  3661 | D:4      | Reached skill level 7 in Maces & Flails
  3956 | D:4      | Found Rezop's Antique Armour Shop.
  3959 | D:4      | Bought a cloak for 117 gold pieces
  4097 | D:4      | Your scales start taking on a pale cyan-grey colour.
  4097 | D:4      | Reached XP level 7. HP: 56/59 MP: 7/7
  4236 | D:4      | 4236 ||| UPGRADING to pair of boots.
  4241 | D:4      | 4241 ||| UPGRADING to cloak.
  4251 | D:4      | 4251 ||| EATING 5 bread rations.
  4272 | D:4      | 4272 ||| DRINKING 3 glowing pink potions.
  4336 | D:5      | Entered Level 5 of the Dungeon
  4338 | D:5      | 4338 ||| STAIRDANCE
  4345 | D:4      | Reached skill level 8 in Maces & Flails
  4689 | D:5      | Noticed FakerFangirl's ghost (novice DrFi)
  4702 | D:5      | Killed FakerFangirl's ghost
  4702 | D:5      | Reached skill level 6 in Fighting
  4702 | D:5      | Reached XP level 8. HP: 38/71 MP: 8/8
  4851 | D:5      | Found a stormy altar of Qazlal.
  5390 | D:5      | 5390 ||| READING 2 scrolls of identify.
  5390 | D:5      | 5390 ||| IDENTIFYING glowing green potion
  5410 | D:6      | Noticed Menkaure
  5417 | D:6      | Killed Menkaure
  5417 | D:6      | Reached skill level 9 in Maces & Flails
  5824 | D:6      | Found a white marble altar of Elyvilon.
  5824 | D:6      | Found a faded altar of an unknown god.
  5829 | D:6      | Found an iron altar of Okawaru.
  5831 | D:6      | Found a sparkling altar of Nemelex Xobeh.
  5833 | D:6      | Found a faded altar of an unknown god.
  5962 | D:6      | Found a white marble altar of Elyvilon.
  5964 | D:6      | Found a snail-covered altar of Cheibriados.
  5964 | D:6      | Found a shimmering altar of Xom.
  5966 | D:6      | Found an iron altar of Okawaru.
  5966 | D:6      | Found a hide-covered altar of Uskayaw.
  5966 | D:6      | Found a blossoming altar of Fedhas.
  6088 | D:6      | Reached XP level 9. HP: 78/78 MP: 9/9
  6098 | D:6      | Reached skill level 3 in Dodging
  6155 | D:6      | Reached skill level 10 in Maces & Flails
  6508 | D:6      | 6508 ||| READING scroll labeled EXZEXES MAARGH.
  6509 | D:6      | 6509 ||| READING 2 scrolls of identify.
  6509 | D:6      | 6509 ||| IDENTIFYING murky red potion
  6510 | D:6      | 6510 ||| DROPPING wand of polymorph (?/24) {zapped: 2}.
  6693 | D:7      | Found a staircase to the Ecumenical Temple.
  6699 | Temple   | Entered the Ecumenical Temple
  6700 | Temple   | 6700 ||| Entered T.
  6732 | Temple   | Became a worshipper of Cheibriados the Contemplative
  7080 | D:7      | Reached skill level 6 in Shields
  7105 | D:7      | 7105 ||| EATING 5 bread rations.
  7415 | D:7      | Noticed Pikel
  7423 | D:7      | Killed Pikel
  7423 | D:7      | Reached skill level 11 in Maces & Flails
  7667 | D:7      | 7667 ||| READING 2 scrolls of identify.
  7667 | D:7      | 7667 ||| IDENTIFYING viscous pink potion
  7668 | D:7      | 7668 ||| DROPPING potion of ambrosia.
  7890 | D:8      | Reached * piety under Cheibriados
  8120 | D:8      | Found Lucs's General Store.
  8127 | D:8      | Bought a scroll of enchant weapon for 120 gold pieces
  8290 | D:8      | 8290 ||| UPGRADING to small agate ring.
  8300 | D:9      | 8300 ||| STAIRDANCE
  8309 | D:8      | Reached XP level 10. HP: 58/88 MP: 10/10
  8413 | D:8      | 8413 ||| Invisible monster not found???
  8418 | D:9      | 8418 ||| STAIRDANCE
  8548 | D:9      | 8548 ||| STAIRDANCE
  8590 | D:9      | Noticed FakerFangirl's ghost (novice DrFi)
  8604 | D:9      | Killed FakerFangirl's ghost
  8735 | D:9      | Reached ** piety under Cheibriados
  8753 | D:9      | HP: 19/88 [centaur (10)]
  8754 | D:9      | 8754 ||| READING 3 scrolls of teleportation.
  8755 | D:9      | 8755 ||| DRINKING potion of heal wounds.
  9238 | D:9      | Reached *** piety under Cheibriados
  9270 | D:9      | Found a staircase to the Orcish Mines.
  9278 | D:9      | 9278 ||| Stepping ~*~*~tactically~*~*~ (outnumbered).
  9286 | D:9      | Reached skill level 12 in Maces & Flails
  9569 | D:9      | Noticed a two-headed ogre
  9574 | D:9      | Killed a two-headed ogre
  9574 | D:9      | Reached **** piety under Cheibriados
  9574 | D:9      | Reached skill level 6 in Dodging
  9859 | D:10     | Entered Level 10 of the Dungeon
  9876 | D:10     | Noticed a two-headed ogre
  9884 | D:10     | Killed a two-headed ogre
  9884 | D:10     | Reached skill level 9 in Fighting
  9884 | D:10     | Reached XP level 11. HP: 62/97 MP: 11/11
 10153 | D:10     | Noticed a two-headed ogre
 10162 | D:10     | Killed a two-headed ogre
 10241 | D:10     | Noticed Grum
 10261 | D:10     | Killed Grum
 10391 | D:10     | Noticed Erica
 10398 | D:10     | HP: 12/97 [something/bolt of poison (36)]
 10399 | D:10     | 10399 ||| DRINKING potion of heal wounds.
 10401 | D:10     | 10401 ||| READING 3 scrolls of teleportation.
 10402 | D:10     | Slain by Erica

Vault maps used:
D:1:      ldierk_walled_garden, minmay_three_crescents
D:2:      dancing_weapons_uskayaw, st_stairs_14
D:3:      gammafunk_temple_overflow_statue, first_bread
D:4:      cheibrodos_fertilizer, vehumet_altar_wand_db, serial_shops,
          kennysheep_mini_moat
D:5:      lemuel_crystal_altar
D:6:      doesnt_xom_only_xom, chequers_temple_overflow_minitemple,
          uniq_menkaure
D:7:      minmay_temple_entry_hall, uniq_pikel
D:8:      serial_shops, shop
D:9:      zombieorc2_lemuel
D:10:     cheibrodos_two_vegetables, grunt_ogre_cave, uniq_grum, uniq_erica,
          uniq_psyche
Temple:   minmay_temple_forest_path

Skill      XL: |  1  2  3  4  5  6  7  8  9 10 11 |
---------------+----------------------------------+-----
Maces & Flails | 3 4 5 6 7 8 9 11 12 | 12.2
Fighting       | 4 6 7 9 |  9.1
Shields        | 4 5 6 7 8 |  8.3
Dodging        | 4 6 7 |  7.0

Action                   |  1- 3 |  4- 6 |  7- 9 | 10-12 || total
-------------------------+-------+-------+-------+-------++-------
Melee: Flail             |   120 |   141 |   270 |   261 ||   792
       Tailslap          |     8 |    12 |    37 |    55 ||   112
       Unarmed           |       |     9 |       |       ||     9
Throw: Javelin           |    36 |    32 |    30 |    18 ||   116
       Tomahawk          |       |       |     4 |       ||     4
  Use: Scroll            |     4 |     5 |     4 |     2 ||    15
       Potion            |       |       |     1 |     2 ||     3
 Stab: Distracted        |       |     1 |     1 |     2 ||     4
       Sleeping          |       |       |     1 |       ||     1
  Eat: Chunk             |     2 |     8 |     5 |     4 ||    19
       Bread ration      |       |       |     2 |       ||     2
Armor: Skin              |    35 |    28 |    47 |    35 ||   145
Dodge: Dodged            |    49 |    41 |    69 |   106 ||   265
Block: Shield            |    62 |    59 |    71 |   147 ||   339
